 Dungeon Crawl Stone Soup version 0.31.0-32-g396128a36d (webtiles) character file.

Game seed: 15344845451172493561

90 NotreDorf the Poker (level 4, -3/37 HPs)
             Began as a Merfolk Berserker on Apr 6, 2024.
             Was a Believer of Trog.
             Splashed by a jelly's acid (4 damage)
             ... on level 3 of the Dungeon.
             The game lasted 00:04:48 (1726 turns).

NotreDorf the Poker (Merfolk Berserker)             Turns: 1726, Time: 00:04:49

Health: -3/37      AC:  0    Str: 19    XL:     4   Next: 56%
Magic:  4/4        EV: 12    Int:  6    God:    Trog [**....]
Gold:   68         SH:  0    Dex: 13    Spells: 3/3 levels left

rFire   . . .        a - +0 spear
rCold   . . .        (no shield)
rNeg    . . .        d - +0 leather armour
rPois   .            (no helmet)
rElec   .            (no cloak)
rCorr   .            (no gloves)
SInv    .            (no boots)
Will    .....        (no amulet)
Stlth   +            (no ring)
HPRegen 0.26/turn    (no ring)
MPRegen 0.09/turn

%: no passive effects
@: corroded
A: (nimble swimmer 2), mertail
a: Renounce Religion, Berserk, Trog's Hand


You were on level 3 of the Dungeon.
You worshipped Trog.
Trog was pleased with you.
You visited 1 branch of the dungeon, and saw 3 of its levels.

You collected 68 gold pieces.

Inventory:

Hand Weapons
 a - a +0 spear (weapon)
Armour
 d - a +0 leather armour (worn)
Jewellery
 j - an amulet of magic regeneration
Scrolls
 b - a scroll of summoning {unknown}
 c - a scroll of brand weapon {unknown}
 e - 4 scrolls of identify {unknown}
 g - a scroll of poison {unknown}
 h - 3 scrolls of teleportation {unknown}
 m - a scroll of immolation {unknown}
Potions
 f - a potion of attraction {unknown}
 i - 2 potions of cancellation {unknown}
 k - 2 potions of heal wounds {unknown}
 l - a potion of berserk rage {unknown}


   Skills:
 + Level 4.1 Fighting
 + Level 4.8 Polearms
 + Level 1.8 Throwing
 - Level 1.3 Armour
 + Level 3.7 Dodging


You had 3 spell levels left.
You didn't know any spells.
Your spell library was empty.

Dungeon Overview and Level Annotations

Branches:
Dungeon (3/15)

Altars:

Shops:
D:2 (


Innate Abilities, Weirdness & Mutations

((You are very nimble when in or above water. (Stealth+, EV+, Speed+++)))
Your lower body shifts to a powerful aquatic tail in water.


Message History

The adder bites you.
You miss the adder.
The adder is severely wounded.
The adder barely misses you.
You miss the adder.
The adder is severely wounded.
The adder bites you.
You hit the adder.
You kill the adder!
Trog accepts your kill.
Reach: a) +0 spear
Press: ? - help, Dir - move target, f - jelly
Aim: a jelly (about 10% to evade your +0 spear)
You reach to attack!
You hit the jelly.
The jelly is moderately wounded.
You closely miss the rat. The rat bites you.
You hit the rat.
You kill the rat!
Trog accepts your kill.
You barely miss the jelly.
The jelly is moderately wounded.
The jelly barely misses you.
You hit the jelly but do no damage.
Your hands burn!
The jelly is moderately wounded.
The jelly barely misses you.
You hit the jelly but do no damage.
Your hands burn!
The jelly is moderately wounded.
The jelly closely misses you.
You hit the jelly. The acid corrodes you!
Your hands burn!
The jelly is heavily wounded.
The jelly hits you.
You are splashed with acid!
You hit the jelly.
Your hands burn!
* * * LOW HITPOINT WARNING * * *
The jelly is severely wounded.
The jelly hits you.
* * * LOW HITPOINT WARNING * * *
You are splashed with acid!
* * * LOW HITPOINT WARNING * * *
You hit the jelly.
Your hands burn!
You die...

# .###
#############.###...###
#.....#........#......#
#.....#.##.##.##.......
#..........##.#.....$..
#.....#.##...##........
#....<#.##.###.........
#######.....##.........
####..@J.........
#......###........
#.......# ###......
#..####.# ##...# .. ...
##.+ # #.# ## ..# ###


You could see a jelly.

Vanquished Creatures
  A gnoll (D:1)
  4 adders
  2 dart slugs (D:1)
  A ribbon worm (D:2)
  4 endoplasms
  3 giant cockroaches (D:1)
  3 goblins (D:1)
  3 hobgoblins (D:1)
  2 jackals (D:2)
  A quokka (D:2)
  7 ball pythons
  3 bats
  2 frilled lizards
  4 kobolds
  2 rats
42 creatures vanquished.

Notes
Turn   | Place    | Note
-------+----------+-------------------------------------------
     0 | D:1      | NotreDorf the Merfolk Berserker began the quest for the
                  | Orb.
     0 | D:1      | Reached XP level 1. HP: 18/18 MP: 1/1
   165 | D:1      | Reached XP level 2. HP: 22/24 MP: 2/2
   370 | D:1      | Reached skill level 1 in Throwing
   409 | D:1      | Reached XP level 3. HP: 10/29 MP: 3/3
  1031 | D:2      | Reached ** piety under Trog
  1261 | D:2      | Found Vufraeri's Weapon Shoppe.
  1309 | D:2      | Reached XP level 4. HP: 37/37 MP: 4/4
  1725 | D:3      | HP: 1/37 [acid (8)]
  1726 | D:3      | Splashed by a jelly's acid

Illustrated notes

Levels and vault maps discovered:
D:1:      lemuel_arrival_lava_pool, layout_loops_ring
D:2:      layout_basic, serial_shops, nicolae_shop_tiny_statue_garden,
          nicolae_titane
D:3:      minmay_skewed_foursquare, layout_loops_cross, marbit_many_paths,
          nicolae_wu_jian_immortal_techniques, kennysheep_vampire_church,
          uniq_ijyb

Skill      XL: |  1  2  3  4 |
---------------+-------------+-----
Dodging        | 3 |  3.7
Throwing       | 1 |  1.8
Fighting       | 4 |  4.1
Polearms       | |  4.8
Armour         | |  1.3

Action                     |  1- 3 |  4- 6 || total
---------------------------+-------+-------++-------
  Melee: Spear             |   117 |    33 ||   150
         Punch             |     1 |       ||     1
  Throw: Stone             |    18 |    11 ||    29
   Stab: Sleeping          |     2 |       ||     2
 Armour: Leather armour    |    23 |    14 ||    37
         Animal skin       |     3 |       ||     3
  Dodge: Dodged            |    40 |    14 ||    54
